 Dungeon Crawl Stone Soup version 0.27-a0-1579-g97d2440184 (webtiles) character file.

Game seed: 5884251151226426118

65 Sobieck the Sneak (level 4, -4/28 HPs)
             Began as an Octopode Earth Elementalist on July 17, 2021.
             Was an Initiate of Dithmenos.
             Slain by an iguana (11 damage)
             ... on level 2 of the Dungeon.
             The game lasted 00:03:51 (1467 turns).

Sobieck the Sneak (Octopode Earth Elementalist)     Turns: 1467, Time: 00:03:51

Health: -4/28      AC:  1    Str:  7    XL:     4   Next: 14%
Magic:  11/16      EV: 13    Int: 18    God:    Dithmenos [......]
Gold:   68         SH:  0    Dex: 12    Spells: 4/7 levels left

rFire    . . .     SeeInvis .   a - +0 dagger {short}
rCold    . . .     Faith    .   (no shield)
rNeg     . . .     Spirit   .   (helmet restricted)
rPois    .         Reflect  .   (no amulet)
rElec    .         Harm     .   e - ring of magical power
rCorr    .         Rampage  .   (no ring)
Will     .....                  (no ring)
Stlth    +++.......             (no ring)
HPRegen  0.09/turn              (no ring)
MPRegen  0.15/turn              (no ring)
                                (no ring)
                                (no ring)

@: no status effects
A: almost no armour, amphibious, 8 rings, camouflage 1, gelatinous body 1,
(nimble swimmer 1), tentacles
a: Renounce Religion


You were on level 2 of the Dungeon.
You worshipped Dithmenos.
Dithmenos was noncommittal.
You visited 1 branch of the dungeon, and saw 2 of its levels.

You collected 68 gold pieces.


Innate Abilities, Weirdness & Mutations

You cannot wear most types of armour.
You are amphibious.
You can wear up to eight rings at the same time.
Your skin changes colour to match your surroundings (Stealth+).
Your rubbery body absorbs attacks. (AC +1, EV +1)
((You are camouflaged near water. (Stealth+)))
You have tentacles for arms and can constrict up to eight enemies at once.


   Skills:
 + Level 1.1 Fighting
 + Level 2.5 Dodging
 + Level 3.6 Stealth
 + Level 2.4 Spellcasting
 + Level 1.6 Transmutations
 + Level 3.3 Earth Magic


You had 4 spell levels left.
You knew the following spells:

 Your Spells              Type           Power      Damage    Failure   Level
a - Sandblast             Erth           28%        2d8       4%          1
b - Passwall              Tmut/Erth      9%         N/A       10%         2

Your spell library contained the following spells:

 Spells                   Type           Power      Damage    Failure   Level
 Stone Arrow              Conj/Erth      16%        3d8       26%         3
 Petrify                  Tmut/Erth      11%        N/A       52%         4

Inventory:

Hand Weapons
 a - a +0 dagger (weapon) {short}
   (You took it off a goblin on level 1 of the Dungeon)
 f - a +0 whip of electrocution {mace}
   (You found it on level 1 of the Dungeon)
Missiles
 b - 12 stones {throwing}
 h - 15 poisoned darts {throwing}
Jewellery
 e - a ring of magical power (left tentacle)
   (You found it on level 1 of the Dungeon)
Scrolls
 c - a scroll of identify {unknown}
 d - 2 scrolls of amnesia {unknown}
Potions
 g - a potion of haste {unknown}

Dungeon Overview and Level Annotations

Branches:
Dungeon (2/15)

Altars:
Dithmenos

#........<.# .........## ##
.#####........##...
.................
#######.##.#... #.###
#####...##.#.## #.#.#
...##....โ€ ....# .. ..# #...#
.........####.#####.##.####...#
..........# #..l@..?##.#......#
..........# ######..##...##..#
......_...#### #........##..#
.............####.....##.#...#
...#......##...##.........<#.#
####.#.#######.....โ€
......รท#.## ###....#โ€
.......#.....##..#...#
#......).#.........#..........#
.....#######...######.........#


You could see an iguana.


Message History

You take 1 damage, and now have 10/28 hp.
You feel sick.
You are no longer poisoned. ๐Ÿ˜จ HP[-1]
You take 1 damage, and now have 9/28 hp. ๐Ÿ˜จ HP[+1] ๐Ÿ˜จ MP[+1]
Casting: Sandblast (safe; 4% risk of failure)
Confirm with . or Enter, or press ? or * to list all spells.
Aiming: Sandblast (safe; 4% risk of failure)
Press: ? - help, Shift-Dir - straight line, f/p - worm
Aim: a worm (moderately wounded, 93% to hit)
The blast of sand hits the worm! ๐Ÿ˜จ MP[-1]
You lost 1 mp, and now have 11/16 mp.
Casting: Sandblast (safe; 4% risk of failure)
Confirm with . or Enter, or press ? or * to list all spells.
Aiming: Sandblast (safe; 4% risk of failure)
Press: ? - help, Shift-Dir - straight line, f/p - worm
Aim: a worm (almost dead, 93% to hit)
The blast of sand hits the worm.
You kill the worm!
Dithmenos accepts your kill. ๐Ÿ˜จ MP[-1]
You lost 1 mp, and now have 10/16 mp.
Casting: Sandblast (safe; 4% risk of failure)
Confirm with . or Enter, or press ? or * to list all spells.
Aiming: Sandblast (safe; 4% risk of failure)
Press: ? - help, Shift-Dir - straight line, f - hobgoblin
Aim: a hobgoblin (79% to hit)
The blast of sand hits the hobgoblin!
You kill the hobgoblin!
Dithmenos accepts your kill. ๐Ÿ˜จ MP[-1]
You lost 1 mp, and now have 9/16 mp.
You start resting. ๐Ÿ˜จ HP[+4] MP[+7]
You regained 4 hp, and now have 14/28 hp.
Your mp is fully restored (16).
You start resting.
An iguana comes into view. ๐Ÿ˜ฎ HP[+4]
You regained 4 hp, and now have 18/28 hp.
Casting: Sandblast (safe; 4% risk of failure)
Confirm with . or Enter, or press ? or * to list all spells.
Aiming: Sandblast (safe; 4% risk of failure)
Press: ? - help, Shift-Dir - straight line, f - iguana
Aim: an iguana (wandering, hasn't noticed you, 82% to hit)
The blast of sand hits the iguana but does no damage.
The iguana hisses angrily. ๐Ÿ˜ฎ MP[-1]
You lost 1 mp, and now have 15/16 mp.
Casting: Sandblast (safe; 4% risk of failure)
Confirm with . or Enter, or press ? or * to list all spells.
Aiming: Sandblast (safe; 4% risk of failure)
Press: ? - help, Shift-Dir - straight line, f/p - iguana
Aim: an iguana (82% to hit)
The blast of sand hits the iguana but does no damage. ๐Ÿ˜ฎ MP[-1]
You lost 1 mp, and now have 14/16 mp.
Casting: Sandblast (safe; 4% risk of failure)
Confirm with . or Enter, or press ? or * to list all spells.
You don't know that spell.
Casting: Sandblast (safe; 4% risk of failure)
Confirm with . or Enter, or press ? or * to list all spells.
Aiming: Sandblast (safe; 4% risk of failure)
Press: ? - help, Shift-Dir - straight line, f/p - iguana
Aim: an iguana (82% to hit)
The blast of sand hits the iguana but does no damage.
The iguana barely misses you. ๐Ÿ˜ฎ MP[-1]
You lost 1 mp, and now have 13/16 mp.
Casting: Sandblast (safe; 4% risk of failure)
Confirm with . or Enter, or press ? or * to list all spells.
Aiming: Sandblast (safe; 4% risk of failure)
Press: ? - help, Shift-Dir - straight line, f/p - iguana
Aim: an iguana (82% to hit)
The blast of sand hits the iguana!
The iguana bites you. ๐Ÿ˜ฎ HP[-3] MP[-1]
You take 3 damage, and now have 15/28 hp.
You lost 1 mp, and now have 12/16 mp.
Casting: Sandblast (safe; 4% risk of failure)
Confirm with . or Enter, or press ? or * to list all spells.
Aiming: Sandblast (safe; 4% risk of failure)
Press: ? - help, Shift-Dir - straight line, f/p - iguana
Aim: an iguana (heavily wounded, 82% to hit)
The blast of sand hits the iguana but does no damage.
The iguana bites you!
* * * LOW HITPOINT WARNING * * *
๐Ÿ˜ฑ HP[-9] MP[-1]
You take 9 damage, and now have 6/28 hp.
MASSIVE DAMAGE!! (PAUSE)
You lost 1 mp, and now have 11/16 mp.
Casting: Sandblast (safe; 4% risk of failure)
Confirm with . or Enter, or press ? or * to list all spells.
Aiming: Sandblast (safe; 4% risk of failure)
Press: ? - help, Shift-Dir - straight line, f/p - iguana
Aim: an iguana (heavily wounded, 82% to hit)
The blast of sand hits the iguana.
The iguana bites you!
You die...

Skill      XL: |  1  2 |
---------------+-------+-----
Stealth        | 3 |  3.6
Fighting       | 1 |  1.1
Dodging        | |  2.5
Spellcasting   | |  2.4
Transmutations | |  1.6
Earth Magic    | |  3.3

Action                   |  1- 3 |  4- 6 || total
-------------------------+-------+-------++-------
Melee: Unarmed           |     9 |       ||     9
       Dagger            |    45 |       ||    45
       Constrict         |    10 |       ||    10
       Tentacles         |    10 |       ||    10
 Cast: Sandblast         |     6 |    12 ||    18
       Passwall          |     1 |       ||     1
 Stab: Sleeping          |     7 |       ||     7
Armor: Skin              |     8 |       ||     8
Dodge: Dodged            |    41 |     1 ||    42

Levels and vault maps discovered:
D:1:      dpeg_arrival_long_road, layout_loops_ring,
          shapermc_ecumenical_altar_totnotflames, minmay_hedge_maze
D:2:      layout_rooms, basic_altar, chequers_serial_rivers_micro_a

Notes
Turn   | Place    | Note
-------+----------+-------------------------------------------
     0 | D:1      | Sobieck the Octopode Earth Elementalist began the quest for
                  | the Orb.
     0 | D:1      | Reached XP level 1. HP: 11/11 MP: 3/3
     0 | D:1      | magus.rc [v1.9.6]
   257 | D:1      | Reached XP level 2. HP: 18/18 MP: 5/5
   369 | D:1      | Reached skill level 3 in Stealth
   492 | D:1      | Found a faded altar of an unknown god.
   511 | D:1      | Learned a level 2 spell: Passwall
  1043 | D:2      | Reached skill level 1 in Fighting
  1043 | D:2      | Reached XP level 3. HP: 6/23 MP: 6/6
  1333 | D:2      | Found a shadowy altar of Dithmenos.
  1340 | D:2      | Became a worshipper of Dithmenos the Shadowed
  1363 | D:2      | Reached XP level 4. HP: 13/28 MP: 7/7
  1466 | D:2      | HP: 6/28 [iguana (9)]
  1467 | D:2      | Slain by an iguana

Vanquished Creatures
  An iguana (D:2)
  An adder (D:2)
  2 worms (D:2)
  2 ball pythons
  4 bats (D:1)
  2 endoplasms (D:1)
  2 goblins
  6 hobgoblins
  2 kobolds (D:1)
  A quokka (D:1)
  2 frilled lizards
25 creatures vanquished.

Table legend:
 A = Non-vault XP
 B = Vault XP
 C = Vault XP percentage of total XP
 D = Non-vault monster count
 E = Vault monster count
 F = Vault count percentage of total count
                 A         B        C        D         E       F
            +---------+---------+-------+---------+---------+-------
      Total |      94 |       0 |   0.0 |      25 |       0 |   0.0
            +---------+---------+-------+---------+---------+-------
        D:1 |      25 |       0 |   0.0 |      15 |       0 |   0.0
        D:2 |      69 |       0 |   0.0 |      10 |       0 |   0.0
            +---------+---------+-------+---------+---------+-------

Illustrated notes

Table legend:
 A = Kills in this place as a percentage of kills in entire the game.
 B = Kills by you in this place as a percentage of kills by you in the entire game.
 C = Kills by friends in this place as a percentage of kills by friends in the entire game.
 D = Other kills in this place as a percentage of other kills in the entire game.
 E = Experience gained in this place as a percentage of experience gained in the entire game.
 F = Experience gained in this place divided by the number of levels of this place that you have seen.
                   A       B       C       D       E      F
               +-------+-------+-------+-------+-------+----------------------
         Total | 100.0 | 100.0 |   N/A |   N/A | 100.0 |  47.0
       Dungeon | 100.0 | 100.0 |   N/A |   N/A | 100.0 |  47.0
               +-------+-------+-------+-------+-------+----------------------

Table legend: (Time is in decaauts)
 A = Elapsed time spent in this place.
 B = Non-inter-level travel time spent in this place.
 C = Inter-level travel time spent in this place.
 D = Time resting spent in this place.
 E = Time spent auto-exploring this place.
 F = Levels seen in this place.
 G = Mean time per level.
                   A        B        C        D        E       F      G
               +--------+--------+--------+--------+--------+-----+--------+
         Total |   1466 |   1416 |     50 |    437 |    764 |   2 |  733.0 |
       Dungeon |   1466 |   1416 |     50 |    437 |    764 |   2 |  733.0 |
               +--------+--------+--------+--------+--------+-----+--------+

Top non-repeatable levels by time:
     D:1: 1028 daAuts
     D:2: 438 daAuts
